 Dungeon Crawl Stone Soup version 0.18-a0-946-g3ac5b32 (webtiles) character file.

21 filipzpl the Ruffian (level 2, 0/26 HPs)
             Began as a Naga Transmuter on Dec 29, 2015.
             Succumbed to a kobold's poison
             ... on level 1 of the Dungeon.
             The game lasted 00:01:29 (792 turns).

filipzpl the Ruffian (Naga Transmuter)               Turns: 792, Time: 00:01:29

Health: 0/26       AC:  1    Str: 12    XL:     2   Next: 87%
Magic:  4/5        EV: 10    Int: 13    God:
Gold:   45         SH:  0    Dex: 11    Spells: 1 memorised, 4 levels left

rFire  . . .     SeeInvis +       - Unarmed
rCold  . . .     Gourm    .     b - +0 robe
rNeg   . . .     Faith    .     (no shield)
rPois  +         Spirit   .     (no helmet)
rElec  .         Dismiss  .     (no cloak)
rCorr  .         Reflect  .     (no gloves)
SustAt .         Harm     .     (no barding)
MR     .....                    (no amulet)
Stlth  +.........               (no ring)
                                (no ring)

@: lethally poisoned (0 -> -11), appendage, very slow, not resistant to hostile
enchantments, very unstealthy
A: horns 2, see invisible, deformed body, poison resistance, slowness 2, slow
metabolism 1, spit poison 2, AC +0
a: Spit Poison, End Transformation


You were on level 1 of the Dungeon.
You were not hungry.
You had grown temporary horns.
You visited 1 branch of the dungeon, and saw 1 of its levels.

You collected 45 gold pieces.

Inventory:

Missiles
 a - 24 arrows
Armour
 b - a +0 robe (worn)
Scrolls
 e - a scroll of teleportation {unknown}
 j - a scroll of random uselessness {unknown}
 k - a scroll of enchant armour {unknown}
 l - a scroll of identify {unknown}
 m - a scroll of remove curse {unknown}
Potions
 f - a potion of curing {unknown}
 g - a potion of brilliance {unknown}
 h - a potion of magic {unknown}
 i - a potion of beneficial mutation {unknown}
Books
 c - a book of Changes

   Spells                             Type                      Level
   a - Beastly Appendage              Transmutation                1
   b - Sticks to Snakes               Transmutation                2
   c - Spider Form                    Transmutation/Poison         3
   d - Ice Form                       Ice/Transmutation            4
   e - Blade Hands                    Transmutation                5
Comestibles
 d - a bread ration


   Skills:
 * Level 2.1 Fighting
 - Level 1.5 Dodging
 * Level 3.4 Unarmed Combat
 - Level 2.0 Spellcasting
 - Level 2.0 Transmutations


You had 4 spell levels left.
You knew the following spells:

 Your Spells              Type           Power        Failure   Level  Hunger
a - Beastly Appendage     Trmt           #.....       12%         1    ##.....


Dungeon Overview and Level Annotations

Branches:
Dungeon (1/15)

Altars:


Innate Abilities, Weirdness & Mutations

You cannot wear boots.
Your serpentine skin is tough (AC +0).
You have supernaturally acute eyesight.
Armour fits poorly on your strangely shaped body.
Your system is resistant to poisons.
You cover ground very slowly.
You have a slow metabolism.
You can spit poison.
You have a pair of horns on your head.


Message History

* * * LOW HITPOINT WARNING * * *
You are too injured to fight recklessly!
You are too injured to fight recklessly!
You are too injured to fight recklessly!
You are too injured to fight recklessly!
You are too injured to fight recklessly!
You barely miss the kobold.
* * * LOW HITPOINT WARNING * * *
You feel sick.
The kobold hits you with a dagger of venom.
* * * LOW HITPOINT WARNING * * *
You hit the kobold.
You kill the kobold!
* * * LOW HITPOINT WARNING * * *
You feel sick.
* * * LOW HITPOINT WARNING * * *
You feel sick.
You see here a dagger of venom.
A goblin comes into view.
You die...

####### #......
######### #.#####
#.((.)@.# #.##...
#(#####.#########.##.##
#.# .##.....†..##.#.
#.# .#......[.......
#.# g#..########....
#.# .. #.).......
####.# ## #.####....
#....# #..# #....
#.#### ##'# ##.##


You could see a goblin (sleeping).

Vanquished Creatures
  An ooze (D:1)
  A giant cockroach (D:1)
  3 goblins (D:1)
  2 hobgoblins (D:1)
  4 kobolds (D:1)
  4 bats (D:1)
15 creatures vanquished.

Notes
Turn   | Place    | Note
--------------------------------------------------------------
     0 | D:1      | filipzpl the Naga Transmuter began the quest for the Orb.
     0 | D:1      | Reached XP level 1. HP: 18/18 MP: 3/3
    68 | D:1      | Reached XP level 2. HP: 2/26 MP: 3/5
   792 | D:1      | Succumbed to a kobold's poison

Vault maps used:
D:1:      minmay_arrival_doors, hangedman_decor_diamond_cutter

Action                   || total
-------------------------++-------
Melee: Unarmed           ||    69
 Cast: Beastly Appendage ||     7
